 Dungeon Crawl Stone Soup version 0.17.1-3-g152610e (webtiles) character file.

30 Gargoyl the Skirmisher (level 3, 0/29 HPs)
             Began as a Demonspawn Abyssal Knight on Apr 25, 2016.
             Was a Follower of Lugonu.
             Succumbed to an adder's poison
             ... on level 3 of the Dungeon.
             The game lasted 00:04:06 (924 turns).

Gargoyl the Skirmisher (Demonspawn Abyssal Knight)   Turns: 924, Time: 00:04:06

Health: 0/29       AC:  6    Str: 13    XL:     3   Next: 5%
Magic:  5/5        EV:  9    Int: 13    God:    Lugonu [*.....]
Gold:   46         SH:  0    Dex: 12    Spells: 0 memorised, 2 levels left

rFire  . . .     SeeInvis .     a - +1 hand axe
rCold  . . .     Clarity  .     d - +0 scale mail
rNeg   . . .     SustAt   .     (no shield)
rPois  .         Gourm    .     (helmet restricted)
rElec  .         Spirit   .     (no cloak)
rCorr  .         Warding  .     (no gloves)
rMut   .         Stasis   .     (no boots)
MR     .....                    (no amulet)
Stlth  ..........               (no ring)
                                h - ring of flight

@: lethally poisoned (0 -> -12), not resistant to hostile enchantments,
extremely unstealthy
A: antennae 2
a: Depart the Abyss, Renounce Religion, Evoke Flight


You were on level 3 of the Dungeon.
You worshipped Lugonu.
Lugonu was aware of your devotion.
You were not hungry.

You visited 1 branch of the dungeon, and saw 3 of its levels.
You visited the Abyss 1 time.

You collected 70 gold pieces.

Inventory:

Hand Weapons
 a - a +1 hand axe (weapon)
 i - a +1 vampiric spear
Armour
 d - a +0 scale mail (worn)
 f - a cursed +0 cloak
Jewellery
 h - a ring of flight (left hand)
Scrolls
 g - a scroll of noise {unknown}
 j - a scroll of fog {unknown}
 k - a scroll of random uselessness {unknown}
 l - a scroll of remove curse {unknown}
Miscellaneous
 e - a legendary deck of wonders {drawn: 3}
Comestibles
 b - 3 beef jerkies
 c - a bread ration


   Skills:
 + Level 3.3 Fighting
 + Level 2.0 Axes
 * Level 2.5 Armour
 + Level 1.0 Dodging
 + Level 2.7 Invocations


You had 2 spell levels left.
You didn't know any spells.

Dungeon Overview and Level Annotations

Branches:
Dungeon (3/15)

Altars:


Innate Abilities, Weirdness & Mutations

You have a pair of antennae on your head.


Message History

The adder bites you but does no damage.
The jackal bites you but does no damage.
You draw a card...
It is Wild Magic.
This is a legendary deck of wonders {drawn: 2}.
The adder's body is flooded with distortional energies!
The adder dies!
You have reached level 3!
Your experience leads to an increase in your attributes!
Increase (S)trength, (I)ntelligence, or (D)exterity?
You feel stronger.
Your demonic ancestry asserts itself...
The antennae on your head grow some more.
The jackal appears confused.
The jackal reels.
You feel a surge of magic.
You feel your power returning.
* * * LOW HITPOINT WARNING * * *
You feel sick.
You draw a card...
It is the Mercenary.
You cannot afford Ile Nyvy's fee of 152 gold!
Ile Nyvy attacks!
Ile Nyvy the naga comes into view.
It is wielding a hand axe of electrocution.
You die...

### ...
#.######
{#†.....#
#@.....#
#....#####
#..N.....
#......###
#.......
#..$.####
#....
#....


You could see Ile Nyvy the naga.

Vanquished Creatures
  An ooze (D:1)
  A bat (D:1)
  2 hobgoblins
  A giant newt (D:1)
  5 goblins (D:1)
  2 kobolds (D:1)
  5 rats
17 creatures vanquished.

Vanquished Creatures (others)
  An adder (D:3)
1 creature vanquished.

Grand Total: 18 creatures vanquished

Notes
Turn   | Place    | Note
--------------------------------------------------------------
     0 | Abyss:1  | Gargoyl the Demonspawn Abyssal Knight began the quest for the Orb.
     0 | Abyss:1  | Reached XP level 1. HP: 18/18 MP: 2/2
   121 | Abyss:4  | Noticed a ynoxinul
   121 | Abyss:4  | Noticed a blink frog
   123 | D:1      | Escaped the Abyss
   459 | D:1      | Reached * piety under Lugonu
   464 | D:1      | Gained mutation: You have a pair of small antennae on your head. [demonic ancestry]
   464 | D:1      | Reached XP level 2. HP: 20/24 MP: 3/3
   540 | D:1      | Reached skill level 1 in Dodging
   923 | D:3      | Gained mutation: You have a pair of antennae on your head. [demonic ancestry]
   923 | D:3      | Reached XP level 3. HP: 2/29 MP: 3/5
   923 | D:3      | HP: 1/29 [poisoned by an adder]
   924 | D:3      | Noticed Ile Nyvy
   924 | D:3      | Succumbed to an adder's poison

Action                   || total
-------------------------++-------
Melee: Hand axe          ||    49
Invok: Depart the Abyss  ||     1
Evoke: Deck              ||     3
